 Dungeon Crawl Stone Soup version 0.28-a0-863-g8cecda6153 (webtiles) character file.

Game seed: 9543091574963427193

13 TheGamechu the Magician (level 2, 0/22 HPs)
             Began as a Djinni Hedge Wizard on Nov 18, 2021.
             Slain by a bat (1 damage)
             ... on level 1 of the Dungeon.
             The game lasted 00:02:52 (1270 turns).

TheGamechu the Magician (Djinni Hedge Wizard)       Turns: 1270, Time: 00:02:53

Health: 0/22       AC:  3    Str:  9    XL:     2   Next: 50%
Gold:   55         EV: 12    Int: 15    God:
                   SH:  0    Dex: 12

rFire   + + .      SeeInvis .   g - +0 dagger (flame)
rCold   x . .      Faith    .   (no shield)
rNeg    . . .      Spirit   .   b - +0 robe
rPois   ∞          Reflect  .   c - +1 hat
rElec   .          Harm     .   (no cloak)
rCorr   .          Rampage  .   (no gloves)
Will    .....                   (boots unavailable)
Stlth   ++........              (no amulet)
HPRegen 0.07/turn               (no ring)
MPRegen 0.00/turn               (no ring)

@: flying
A: sickness immunity, fire resistance 2, cold vulnerability 1, float, innate
caster, hp casting, extra vitality 1
a: no special abilities


You were on level 1 of the Dungeon.
You visited 1 branch of the dungeon, and saw 2 of its levels.

You collected 55 gold pieces.

Inventory:

Hand Weapons
 g - a +0 dagger of flaming (weapon)
Armour
 b - a +0 robe (worn)
 c - a +1 hat (worn)
Potions
 d - a potion of lignification {unknown}
 e - a potion of heal wounds {unknown}
 f - a potion of flight {unknown}


   Skills:
 + Level 0.8 Fighting
 + Level 2.5 Dodging
 + Level 1.8 Stealth
 + Level 2.5 Spellcasting


You couldn't memorise any spells.
You knew the following spells:

 Your Spells              Type           Power      Damage    Failure   Level
a - Magic Dart            Conj           36%        1d4       8%          1
b - Blink                 Tloc           18%        N/A       11%         2
c - Call Imp              Summ           9%         N/A       11%         2
d - Slow                  Hex            36%        N/A       8%          1
e - Conjure Flame         Conj/Fire      9%         6-21      22%         3
f - Mephitic Cloud        Conj/Pois/Air  9%         N/A       22%         3
Your spell library was empty.

Dungeon Overview and Level Annotations

Branches:
Dungeon (2/15)

Altars:


Innate Abilities, Weirdness & Mutations

You are immune to sickness and miasma.
You are immune to poison.
Your flesh is very heat resistant. (rF++)
You are vulnerable to cold. (rC-)
You float through the air rather than walking.
You learn spells naturally, not from books.
Your magical power is your life essence.
You have superior vitality. (+4 HP)


Message History

The magic dart hits the kobold but does no damage.
The kobold shouts!
An endoplasm comes into view.
The magic dart hits the endoplasm.
The endoplasm is heavily wounded.
The magic dart hits the endoplasm.
You kill the endoplasm!
You fly upwards.
There is a stone staircase leading down here.
You start resting.
HP restored.
You fly downwards.
The kobold hits you with a +0 dagger. x2
There is a stone staircase leading up here.
The magic dart hits the kobold.
The kobold is moderately wounded.
The kobold misses you.
The magic dart hits the kobold.
You kill the kobold!
The magic dart hits the endoplasm but does no damage.
The bat hits you but does no damage. The endoplasm freezes you.
You are frozen.
You feel a terrible chill!
The magic dart hits the bat.
The bat is heavily wounded.
The bat misses you. The endoplasm closely misses you. The bat misses you.
The bat hits you but does no damage.
The endoplasm hits you but does no damage.
You fly upwards.
There is a stone staircase leading down here.
The bat hits you. The endoplasm freezes you.
You are frozen!
You feel a terrible chill!
* * * LOW HITPOINT WARNING * * *
The bat misses you. The bat hits you.
* * * LOW HITPOINT WARNING * * *
The bat hits you.
* * * LOW HITPOINT WARNING * * *
The bat hits you.
You die...

#.#.# ##.......####..........#..
#.#.#####.................>.....
#..........#...#######.....####.
#.######.......#### #.#.#.#####
#.# #............####...#....#.
##.####..................#####...
......#.................##.......
......#..........###....##.......
....).#.........@.#####.##.......
......#.........bJ....#..........
......#...).....#..>..####......♣
......#.........#.....# #.......
......#.........####### #....#.♣
......########### #....#.♣
####### #....##. #.......
#######(


You could see an endoplasm and a bat.

Vanquished Creatures
  2 endoplasms
  A giant cockroach (D:1)
  3 goblins (D:1)
  A kobold (D:2)
  A quokka (D:1)
  A frilled lizard (D:1)
  2 rats (D:1)
11 creatures vanquished.

Notes
Turn   | Place    | Note
-------+----------+-------------------------------------------
     0 | D:1      | TheGamechu the Djinni Hedge Wizard began the quest for the
                  | Orb.
     0 | D:1      | Reached XP level 1. HP: 15/15 MP: 0/0
   643 | D:1      | Found a faded altar of an unknown god.
   730 | D:1      | Reached XP level 2. HP: 1/22 MP: 0/0
  1269 | D:1      | HP: 1/22 [bat (1)]
  1270 | D:1      | Slain by a bat

Illustrated notes

Levels and vault maps discovered:
D:1:      tarquinn_simple_flora_water_c, layout_rooms,
          chequers_ecumenical_altar_grove
D:2:      layout_basic, serial_shops, shop_statue, uniq_sigmund, uniq_robin

Action                   || total
-------------------------++-------
Melee: Dagger            ||    12
 Cast: Magic Dart        ||    31
  Use: Scroll            ||     3
Armor: Robe              ||     7
Dodge: Dodged            ||    12

Table legend: (Time is in decaauts)
 A = Elapsed time spent in this place.
 B = Non-inter-level travel time spent in this place.
 C = Inter-level travel time spent in this place.
 D = Time resting spent in this place.
 E = Time spent auto-exploring this place.
 F = Levels seen in this place.
 G = Mean time per level.
                   A        B        C        D        E       F      G
               +--------+--------+--------+--------+--------+-----+--------+
         Total |   1270 |   1248 |     22 |    312 |    848 |   2 |  635.0 |
       Dungeon |   1270 |   1248 |     22 |    312 |    848 |   2 |  635.0 |
               +--------+--------+--------+--------+--------+-----+--------+

Top non-repeatable levels by time:
     D:1: 1259 daAuts
     D:2: 11 daAuts
